[Event "RUDAR XXII-IM 2024"]
[Site "Pozarevac"]
[Date "2024.02.12"]
[Round "4.3"]
[White "Popchev, Milko"]
[Black "Ninov, Nikolai"]
[Result "1/2-1/2"]
[ECO "A36"]
[WhiteElo "2193"]
[BlackElo "2413"]
[Annotator "TA"]
[PlyCount "23"]
[EventDate "2024.02.12"]
[EventType "tourn"]
[EventCountry "SRB"]
[SourceTitle "playchess.com"]
[Source "ChessBase"]
[SourceQuality "1"]
[TimeControl "5400+30"]

1. c4 c5 2. Nc3 Nc6 3. g3 g6 4. Bg2 Bg7 5. d3 Nf6 6. e4 d6 7. Nge2 O-O 8. O-O Bg4 9. h3 Bxe2 10. Nxe2 {[%emt 0:00:08] The position is equal.} Nd7 11. g4 e6 12. Ng3 {[%emt 0:00:20] A rather calm draw.   Mistake:       	White=1     	---} ({White should play} 12. Rb1 $11) 1/2-1/2

[Event "RUDAR XXII-IM 2024"]
[Site "Pozarevac"]
[Date "2024.02.12"]
[Round "4.4"]
[White "Karamsetty, Jeevan"]
[Black "Potluri Saye Srreezza"]
[Result "1-0"]
[ECO "C26"]
[WhiteElo "2211"]
[BlackElo "1983"]
[Annotator "RC"]
[PlyCount "57"]
[EventDate "2024.02.12"]
[EventType "tourn"]
[EventCountry "SRB"]
[SourceTitle "playchess.com"]
[Source "ChessBase"]
[SourceQuality "1"]
[TimeControl "5400+30"]

1. e4 e5 2. Nc3 Nf6 3. g3 d5 4. exd5 Nxd5 5. Bg2 Nxc3 6. bxc3 g6 7. Nf3 Bd6 8. O-O O-O 9. Re1 Re8 10. d4 exd4 11. cxd4 Be7 12. Qe2 c6 13. Rb1 Bd7 14. Ne5 Qc8 15. Nxd7 Nxd7 16. Bh3 b6 17. Bh6 Qd8 18. Qc4 Rc8 19. Rb3 Bf8 20. Rxe8 Qxe8 21. Re3 Qd8 22. Bxf8 Kxf8 23. Qb4+ c5 24. dxc5 bxc5 25. Qd2 Rc7 26. Qd6+ Kg8 27. Re7 f5 28. Qe6+ Kh8 29. Re8+ 1-0

[Event "RUDAR XXII-IM 2024"]
[Site "Pozarevac"]
[Date "2024.02.12"]
[Round "4.5"]
[White "Sri Sai Baswanth P"]
[Black "Mesic, Ismet"]
[Result "1/2-1/2"]
[ECO "A14"]
[WhiteElo "2096"]
[BlackElo "2232"]
[Annotator "TA"]
[PlyCount "63"]
[EventDate "2024.02.12"]
[EventType "tourn"]
[EventCountry "SRB"]
[SourceTitle "playchess.com"]
[Source "ChessBase"]
[SourceQuality "1"]
[TimeControl "5400+30"]

1. c4 e6 2. g3 d5 3. Bg2 Nf6 4. Nf3 Be7 5. O-O O-O 6. b3 c5 7. cxd5 Nxd5 8. Bb2 b6 9. d4 cxd4 10. Nxd4 Bb7 11. e4 {[%emt 0:02:58] White is slightly better.} Nb4 {[%emt 0:17:53] [#]} 12. a3 (12. Qg4 $1 $16 g6 13. Rd1) 12... N4c6 $11 {[%emt 0:03:17] [#]} 13. e5 $1 Qc8 (13... a6 14. Nd2) 14. Nf3 (14. Nb5 $11) 14... Nd7 15. Nbd2 (15. b4 $11) 15... Rd8 $15 16. Qe2 Ba6 17. Nc4 (17. Qe3 $17) 17... Na5 $19 18. Nd4 ({Don't play} 18. Nfd2 Nxb3 19. Bxa8 Nxa1 $19 (19... Nxd2 $2 20. Qxd2 Bxc4 21. Bg2 $19)) 18... Nxc4 19. Nc6 Nxb2 20. Qxb2 Re8 21. Rfc1 Bc5 (21... Bf8 $19 {...Nc5 is the strong threat.} 22. b4 Bb5) 22. b4 $15 Bb7 23. bxc5 Nxc5 (23... Bxc6 24. cxb6 Bxg2 25. Rxc8 Rexc8 26. Kxg2 Nxb6 27. a4 $14) 24. Nxa7 Rxa7 25. Qxb6 Qa8 26. Bxb7 {[%emt 0:00:02] The position is equal.} Nxb7 27. Rc7 Rxa3 28. Rxa3 Qxa3 29. Qxb7 Qa1+ 30. Kg2 Rf8 31. Rc5 Qd4 32. Ra5 {[%emt 0:00:55] Whites escaped into a draw.   Weighted Error Value: White=0.19 (very precise) /Black=0.17 (very precise) .  Mistake:       	White=4     	Black=1      Inaccurate:     	White=1     	Black=3      OK:         	White=8     	Black=6      Best:        	White=4     	Black=4} 1/2-1/2

[Event "RUDAR XXII-IM 2024"]
[Site "Pozarevac"]
[Date "2024.02.12"]
[Round "5.1"]
[White "Mesic, Ismet"]
[Black "Ilincic, Zlatko"]
[Result "1-0"]
[ECO "E46"]
[WhiteElo "2232"]
[BlackElo "2291"]
[Annotator "RC"]
[PlyCount "115"]
[EventDate "2024.02.12"]
[EventType "tourn"]
[EventCountry "SRB"]
[SourceTitle "playchess.com"]
[Source "ChessBase"]
[SourceQuality "1"]
[TimeControl "5400+30"]

1. d4 Nf6 2. c4 e6 3. Nc3 Bb4 4. e3 O-O 5. Bd2 a5 6. Nf3 b6 7. Bd3 Ba6 8. O-O d5 9. b3 c5 10. a3 Bxc3 11. Bxc3 cxd4 12. Bxd4 dxc4 13. bxc4 Nc6 14. Bc3 Nd7 15. Qc2 h6 16. Rfd1 Qe7 17. Bh7+ Kh8 18. Be4 Rac8 19. Qb2 Rg8 20. Rac1 Rc7 21. Rd2 Ncb8 22. Bd3 Nc5 23. Bb1 Nbd7 24. Ne5 Nxe5 25. Bxe5 Rc6 26. Rcd1 f5 27. Rd4 Na4 28. Qb3 Nc5 29. Qc2 Kh7 30. Qe2 Bc8 31. Qf3 Bb7 32. Qg3 Bc8 33. h3 Nd7 34. Bd6 Qe8 35. Qf3 Nc5 36. Be5 Bb7 37. Qg3 Bc8 38. Rg4 g6 39. Rh4 g5 40. Rhd4 Nd7 41. Bd6 Qh5 42. Be7 Rg7 43. Bd6 Rxc4 44. R4d2 Rc6 45. e4 Nf6 46. exf5 exf5 47. Qe5 Qg6 48. Qb5 Rc3 49. Qxb6 Ne4 50. Bxe4 fxe4 51. Qxa5 Rd3 52. Rxd3 exd3 53. Be5 Rd7 54. Qc5 Bb7 55. Qf8 Qe4 56. Qh8+ Kg6 57. Qe8+ Rf7 58. Qe6+ 1-0

[Event "RUDAR XXII-IM 2024"]
[Site "Pozarevac"]
[Date "2024.02.12"]
[Round "5.2"]
[White "Potluri Saye Srreezza"]
[Black "Sri Sai Baswanth P"]
[Result "0-1"]
[ECO "B32"]
[WhiteElo "1983"]
[BlackElo "2096"]
[Annotator "NA RC"]
[PlyCount "68"]
[EventDate "2024.02.12"]
[EventType "tourn"]
[EventCountry "SRB"]
[SourceTitle "playchess.com"]
[Source "ChessBase"]
[SourceQuality "1"]
[TimeControl "5400+30"]

1. e4 c5 2. Nf3 Nc6 3. d4 cxd4 4. Nxd4 e5 5. Nb5 d6 6. c4 g6 7. N1c3 a6 8. Na3 Bg7 9. Nc2 Be6 10. Be2 Nf6 11. O-O Rc8 12. b3 O-O 13. Be3 b5 14. cxb5 axb5 15. Nxb5 Nxe4 16. f3 Nf6 17. Nxd6 Rb8 18. Bc4 Nd4 19. Bxe6 Qxd6 20. Bc4 Nd5 21. Bxd5 Qxd5 22. Rf2 Rfd8 23. Rd2 Qa5 24. Bxd4 exd4 25. Rd3 Rbc8 26. a4 Rc3 27. Na3 Re8 28. Nc4 Qf5 29. Rd2 d3 30. Rb1 Re2 31. Rxe2 dxe2 32. Qe1 Bd4+ 33. Kh1 Qxb1 34. Qxb1 Rd3 0-1

[Event "RUDAR XXII-IM 2024"]
[Site "Pozarevac"]
[Date "2024.02.12"]
[Round "5.3"]
[White "Ninov, Nikolai"]
[Black "Karamsetty, Jeevan"]
[Result "1-0"]
[ECO "B07"]
[WhiteElo "2413"]
[BlackElo "2211"]
[Annotator "TA"]
[PlyCount "81"]
[EventDate "2024.02.12"]
[EventType "tourn"]
[EventCountry "SRB"]
[SourceTitle "playchess.com"]
[Source "ChessBase"]
[SourceQuality "1"]
[TimeControl "5400+30"]

1. e4 g6 2. d4 d6 3. g3 Bg7 4. Bg2 Nf6 5. Ne2 O-O 6. Nbc3 Nbd7 7. O-O e5 8. h3 exd4 9. Nxd4 Re8 10. Re1 c6 11. a4 a5 12. Nb3 Qc7 13. Be3 {[%emt 0:00:00] White is slightly better.} b6 14. f4 (14. Bf4 $14 Ne5 15. Nd4) 14... h5 15. Qd2 Bb7 16. Rad1 Nc5 17. Nxc5 {[%emt 0:00:00] White now steadily converts the win.} dxc5 18. Qd6 Qc8 19. e5 Bf8 20. Qd2 {[%emt 0:00:30] White is much more active.} Nd5 21. Ne4 {[%emt 0:00:30] Strongly threatening c4.} Rd8 (21... Ba6 $16 22. g4 hxg4) 22. c4 $18 Nxe3 23. Qxe3 Qe6 (23... Rd4 {was worth a try.} 24. Rxd4 cxd4 25. Qxd4 Qd8) 24. Qc3 (24. Nf6+ $142 Kg7 25. Rf1) 24... Ba6 {[%emt 0:01:00] [#]} 25. Nd6 $1 Bxd6 (25... Rab8 $142 26. b3 (26. Bxc6 Bxc4 27. Qxc4 Rxd6 $16) 26... Bc8) (25... Bg7 26. Qe3) 26. exd6 Qxc4 27. Bxc6 Qxc3 28. bxc3 Rab8 29. d7 {[%emt 0:00:00] [#] Re8+ would now be deadly.} Bc4 30. Re8+ Kg7 31. Rd6 Be6 32. h4 Bf5 33. Bb5 Be6 34. Kf2 Kf6 $2 (34... Bh3 35. Rxb6 Rxb6 36. Rxd8 Rd6) 35. Ke3 Kf5 36. Kf3 Kf6 37. Ke4 Kg7 38. Ke5 {[%emt 0:00:00] Threatening mate with Rdxe6.} Ra8 39. Rdxe6 {[%emt 0:00:00] White mates.} fxe6 40. Kxe6 Rdb8 41. Ke7 {[%emt 0:00:00] Weighted Error Value: White=0.16 (very precise) /Black=0.73.  Mistake:       	White=2     	Black=4      Inaccurate:     	---       	Black=3      OK:         	White=13    	Black=10     Best:        	White=1     	---} 1-0

[Event "RUDAR XXII-IM 2024"]
[Site "Pozarevac"]
[Date "2024.02.12"]
[Round "5.5"]
[White "Spasic, Petar"]
[Black "Petrovic, Aleksa"]
[Result "1-0"]
[ECO "E15"]
[WhiteElo "2343"]
[BlackElo "2248"]
[Annotator "TA"]
[PlyCount "61"]
[EventDate "2024.02.12"]
[EventType "tourn"]
[EventCountry "SRB"]
[SourceTitle "playchess.com"]
[Source "ChessBase"]
[SourceQuality "1"]
[TimeControl "5400+30"]

1. d4 Nf6 2. c4 e6 3. Nf3 b6 4. g3 Ba6 5. Qc2 Bb4+ 6. Bd2 Be7 7. Bg2 d5 8. cxd5 {[%emt 0:07:49] White is slightly better.} exd5 9. Nc3 O-O 10. O-O Re8 11. Ne5 Bb7 12. Rfd1 h6 13. Bf4 {[%emt 0:03:24] White has more active pieces. The black rooks are passive.} Bf8 14. Qb3 (14. Rac1 {looks sharper.} Na6 15. a3 c5 16. dxc5 Nxc5 17. b4) 14... Re7 15. h4 Na6 16. Rac1 c5 17. Qa4 Qe8 18. dxc5 Qxa4 19. Nxa4 bxc5 20. e3 (20. Nxc5 Nxc5 21. Rxc5 Rxe5 22. Bxe5 Bxc5 $15) 20... Rae8 21. Nd3 (21. Nxc5 Nxc5 22. Rxc5 Rxe5 $17) 21... c4 22. Ndc5 Bc6 23. b3 Bxa4 24. Nxa4 ({Reject} 24. Nxa6 cxb3 25. axb3 Bxb3 $15) 24... cxb3 25. axb3 Rb7 26. Bf1 {[%emt 0:01:55] This pair of bishops is nice.} ({Resist} 26. Bxd5 Nxd5 27. Rxd5 Rxb3 $14) 26... Nb8 (26... Nb4 $142) 27. Nc3 $16 Ba3 28. Rc2 Rc8 29. Rdd2 Kf8 $2 {[%emt 0:00:46][%mdl 8192] [#]} (29... Rc6 $16) 30. Nb5 $18 ({Not} 30. Nxd5 Rxc2 31. Rxc2 Nxd5 $18) 30... Bc5 (30... Rxc2 $142 31. Rxc2 Nbd7 32. Nxa3 Rxb3 33. Rc8+ Ke7) 31. Nd6 {[%emt 0:00:28] Weighted Error Value: White=0.09 (flawless) /Black=0.31.  Loses game:     	---       	Black=1      Mistake:       	---       	Black=2      Inaccurate:     	White=2     	Black=6      OK:         	White=9     	Black=6      Best:        	White=2     	Black=1} 1-0

[Event "RUDAR XXII-IM 2024"]
[Site "Pozarevac"]
[Date "2024.02.12"]
[Round "6.1"]
[White "Ilincic, Zlatko"]
[Black "Petrovic, Aleksa"]
[Result "0-1"]
[ECO "E00"]
[WhiteElo "2291"]
[BlackElo "2248"]
[Annotator "RC"]
[PlyCount "64"]
[EventDate "2024.02.12"]
[EventType "tourn"]
[EventCountry "SRB"]
[SourceTitle "playchess.com"]
[Source "ChessBase"]
[SourceQuality "1"]
[TimeControl "5400+30"]

1. d4 Nf6 2. c4 e6 3. a3 Be7 4. Nf3 O-O 5. e3 d5 6. b3 b6 7. Bd3 Bb7 8. O-O c5 9. Bb2 cxd4 10. Nxd4 dxc4 11. Bxc4 a6 12. a4 Nc6 13. Nxc6 Bxc6 14. Qe2 b5 15. Rd1 Qb8 16. Bd3 bxa4 17. bxa4 Qb7 18. f3 Nd5 19. Nc3 Nb4 20. Be4 Rac8 21. Rd2 Qa7 22. Bxc6 Rxc6 23. Ne4 f5 24. Bd4 Qc7 25. Nf2 Nc2 26. Ra2 Rc8 27. Nd3 Nxd4 28. exd4 Qb6 29. Ne5 Rc1+ 30. Kf2 Bb4 31. Rab2 Qd6 32. Rd3 Bc3 0-1

[Event "RUDAR XXII-IM 2024"]
[Site "Pozarevac"]
[Date "2024.02.12"]
[Round "6.2"]
[White "Popchev, Milko"]
[Black "Spasic, Petar"]
[Result "0-1"]
[ECO "B50"]
[WhiteElo "2193"]
[BlackElo "2343"]
[Annotator "TA"]
[PlyCount "151"]
[EventDate "2024.02.12"]
[EventType "tourn"]
[EventCountry "SRB"]
[SourceTitle "playchess.com"]
[Source "ChessBase"]
[SourceQuality "1"]
[TimeControl "5400+30"]

1. e4 c5 2. Nf3 d6 3. Be2 Nf6 4. d3 g6 5. O-O Bg7 6. Re1 O-O 7. Bf1 Nc6 8. c3 e5 9. a3 h6 10. b4 a6 11. Bb2 Qe7 12. Nbd2 b5 13. a4 Rb8 14. axb5 axb5 15. bxc5 dxc5 16. d4 exd4 17. cxd4 cxd4 18. Qc1 Bd7 19. Nb3 Rfc8 20. Qb1 Ng4 $1 21. h3 (21. Be2 $15) 21... Nge5 22. Nfxd4 Nb4 ({Better is} 22... Nxd4 $15 23. Bxd4 Be6) 23. Ra7 Nc4 $2 (23... Nec6 $11 {and Black stays safe.} 24. Nxc6 Nxc6) 24. Bc1 $2 (24. Nf5 $1 $18 gxf5 25. Bxg7) 24... Qd6 $15 25. Nf3 (25. Bf4 $15 Qxf4 26. Rxd7) 25... Be6 $1 $17 26. Nbd2 (26. Be2 $17) 26... Qc5 $19 27. Nxc4 Qxa7 28. Nd6 Rc2 29. Be3 Qa4 $1 30. e5 Ba2 31. Qa1 (31. Qd1 $17) 31... Bd5 32. Qd1 Ra2 33. Bc5 $2 (33. Bxb5 $17 {was worth a try.} Qxd1 (33... Rxb5 34. Qxa4 Rxa4 35. Nxb5 $11) 34. Rxd1) 33... Qxd1 34. Rxd1 Bxf3 $1 35. gxf3 Na6 36. Be3 Bxe5 37. Nxb5 Ra5 38. Rd5 (38. Nd6 $17) 38... Bg7 $19 39. Bd2 Ra1 40. Kg2 Rc8 41. Nd6 (41. f4 {is a better defense.}) 41... Rd8 $19 42. Ba5 Rd7 $1 (42... Ra8 43. Bc4 $17) 43. Bxa6 {[%emt 0:00:33] [#]} Bf8 $1 44. Bc4 Rxd6 ({Not} 44... Bxd6 45. Bb6 $15) 45. Rb5 Rc6 46. Bd5 Rc5 47. Rxc5 Bxc5 48. Bc3 Rd1 49. Be4 f5 50. Bc2 Rc1 51. Bb3+ {[%emt 0:00:01] [#]} Kh7 $1 52. Be5 Re1 53. Bg3 g5 54. f4 Re2 55. Bc4 Rd2 56. Kf3 Kg6 57. Bb5 gxf4 58. Be8+ Kf6 59. Bxf4 Rxf2+ 60. Kg3 Re2 61. Bh5 Re7 62. Kf3 Ra7 63. h4 Ra3+ 64. Kg2 Be3 65. Bc7 Rd3 66. Be2 Rd4 67. Kf3 Bd2 68. Bg3 Ra4 69. Bd3 Bc3 70. Bf4 Be5 71. Bxh6 Rxh4 72. Bd2 (72. Be3 $142 Rh3+ 73. Ke2) 72... Rh3+ $19 73. Ke2 Rh2+ 74. Ke1 f4 75. Be4 Kg5 76. Bc2 0-1

[Event "RUDAR XXII-IM 2024"]
[Site "Pozarevac"]
[Date "2024.02.12"]
[Round "6.3"]
[White "Karamsetty, Jeevan"]
[Black "Bryakin, Mikhail"]
[Result "0-1"]
[ECO "B23"]
[WhiteElo "2211"]
[BlackElo "2494"]
[Annotator "RC"]
[PlyCount "168"]
[EventDate "2024.02.12"]
[EventType "tourn"]
[EventCountry "SRB"]
[SourceTitle "playchess.com"]
[Source "ChessBase"]
[SourceQuality "1"]
[TimeControl "5400+30"]

1. e4 c5 2. Nc3 Nc6 3. Bb5 Nd4 4. Bc4 e6 5. Nge2 Nf6 6. O-O a6 7. a4 Qc7 8. d3 b6 9. Nxd4 cxd4 10. Ne2 Bd6 11. h3 Nxe4 12. Bd5 exd5 13. dxe4 dxe4 14. Qxd4 Bh2+ 15. Kh1 Be5 16. Qxe4 Bb7 17. Qd3 O-O 18. Be3 Qc6 19. f3 Rfe8 20. c3 Bc7 21. Bg1 Qg6 22. Qxg6 hxg6 23. Rfe1 Bc6 24. b3 f6 25. Nd4 Bd5 26. c4 Bf7 27. Bh2 Bxh2 28. Kxh2 d5 29. cxd5 Bxd5 30. Rxe8+ Rxe8 31. Rc1 Re3 32. b4 Rd3 33. Nc6 Kh7 34. Nb8 Ra3 35. Nxa6 Rxa4 36. Nc7 Bb7 37. b5 Ra2 38. Kg3 Re2 39. Rd1 g5 40. Rd7 Kg6 41. Na6 Bc8 42. Rd6 Be6 43. Rxb6 Bc4 44. Nc5 Rb2 45. Ne4 Bf1 46. Nf2 Kh7 47. f4 gxf4+ 48. Kf3 Rb3+ 49. Kxf4 Bxg2 50. Kg4 Rf3 51. Nd1 g6 52. Rb8 Rxh3 53. b6 Rb3 54. Kf4 Rf3+ 55. Kg4 Rb3 56. Kf4 Kh6 57. Ne3 g5+ 58. Kg3 Bb7 59. Rxb7 Rxe3+ 60. Kf2 Rb3 61. Rb8 Kg7 62. b7 f5 63. Kg2 f4 64. Kf2 g4 65. Kf1 Rb2 66. Kg1 Rb1+ 67. Kg2 Rb2+ 68. Kg1 g3 69. Rc8 Rxb7 70. Rc4 Rb1+ 71. Kg2 Rb2+ 72. Kg1 Rf2 73. Rc6 f3 74. Rc4 Rg2+ 75. Kf1 Kg6 76. Rc8 Kf5 77. Rf8+ Ke4 78. Re8+ Kd3 79. Rd8+ Kc2 80. Ra8 Rh2 81. Rc8+ Kd3 82. Rd8+ Ke4 83. Re8+ Kd5 84. Ke1 Rh1+ 0-1

[Event "RUDAR XXII-IM 2024"]
[Site "Pozarevac"]
[Date "2024.02.12"]
[Round "6.4"]
[White "Sri Sai Baswanth P"]
[Black "Ninov, Nikolai"]
[Result "1-0"]
[ECO "A20"]
[WhiteElo "2096"]
[BlackElo "2413"]
[Annotator "RC"]
[PlyCount "50"]
[EventDate "2024.02.12"]
[EventType "tourn"]
[EventCountry "SRB"]
[SourceTitle "playchess.com"]
[Source "ChessBase"]
[SourceQuality "1"]
[TimeControl "5400+30"]

1. c4 e5 2. g3 h5 3. Nf3 e4 4. Nh4 Be7 5. Nf5 d6 6. Nxe7 Qxe7 7. Nc3 Nf6 8. d4 exd3 9. Qxd3 Nbd7 10. Bg2 h4 11. Bg5 h3 12. Bf3 Ne5 13. Qe3 Be6 14. Bxb7 Rb8 15. Bd5 Rxb2 16. O-O c6 17. Bxf6 gxf6 18. f4 cxd5 19. fxe5 d4 20. Qxd4 dxe5 21. Qe3 Bxc4 22. Rf2 Qb7 23. Ne4 Qb6 24. Nxf6+ Kf8 25. Nd7+ Ke8 1-0

[Event "RUDAR XXII-IM 2024"]
[Site "Pozarevac"]
[Date "2024.02.12"]
[Round "6.5"]
[White "Mesic, Ismet"]
[Black "Potluri Saye Srreezza"]
[Result "1-0"]
[ECO "E51"]
[WhiteElo "2232"]
[BlackElo "1983"]
[Annotator "TA"]
[PlyCount "73"]
[EventDate "2024.02.12"]
[EventType "tourn"]
[EventCountry "SRB"]
[SourceTitle "playchess.com"]
[Source "ChessBase"]
[SourceQuality "1"]
[TimeControl "5400+30"]

1. d4 Nf6 2. c4 e6 3. Nc3 Bb4 4. e3 O-O 5. Bd2 d5 6. Nf3 b6 7. cxd5 exd5 8. Bd3 Bd6 9. O-O Re8 10. Rc1 {[%emt 0:01:33] The position is equal.} a6 {[%emt 0:13:20] Prevents Nb5} (10... c5 $142) 11. Ne2 (11. Ne5 $142) 11... c5 12. dxc5 bxc5 13. Bc3 Bg4 (13... Bb7 $11) 14. Ng3 (14. Bxf6 $5 Qxf6 15. Nc3 $11) 14... Nc6 15. Nf5 d4 {[%emt 0:05:20] [#]} 16. Bxd4 $1 $14 Bxf3 (16... Nxd4 17. exd4) 17. Qxf3 Nxd4 18. exd4 cxd4 19. Rc6 Be5 20. b3 {[%emt 0:07:46] White has more active pieces.} (20. Qh3 $14) 20... Ra7 (20... g6 $11 {keeps the balance.}) 21. Rxa6 $40 {[%emt 0:06:00][%mdl 128] White wants a kill. White leaves nothing to chance now.} Rxa6 22. Bxa6 Qa8 (22... Qc7 $14) 23. Bb5 Qxf3 24. gxf3 Ra8 (24... Rb8 $16 {keeps fighting.} 25. Bc4 Kh8) 25. a4 $18 g6 26. Ne7+ Kg7 27. Nc6 Bd6 (27... Nd7 $142 28. b4 Kf6) 28. Rd1 Bc5 29. b4 ({Resist} 29. Nxd4 Ng8 (29... Rd8 $2 30. Nf5+ gxf5 31. Rxd8 $18) 30. Nc2 Kf6 $18) 29... Bd6 30. Rxd4 {[%emt 0:00:07] White is clearly winning.} Bc7 31. a5 Re8 32. Rd1 {[%emt 0:00:07] Prevents Re1+} Nh5 33. a6 {[%emt 0:00:24] [#] Strongly threatening Kf1.} Bb6 34. a7 Ra8 35. Ra1 Nf4 36. Ra6 Nd5 37. Bc4 {[%emt 0:01:32] Weighted Error Value: White=0.17 (very precise) /Black=0.42.  Mistake:       	White=2     	Black=7      Inaccurate:     	White=1     	Black=2      OK:         	White=12    	Black=6      Best:        	---       	Black=1      Brilliant:      	White=1     	---} 1-0

[Event "RUDAR XXII-IM 2024"]
[Site "Pozarevac"]
[Date "2024.02.13"]
[Round "7.1"]
[White "Potluri Saye Srreezza"]
[Black "Ilincic, Zlatko"]
[Result "0-1"]
[ECO "E32"]
[WhiteElo "1983"]
[BlackElo "2291"]
[Annotator "TA"]
[PlyCount "60"]
[EventDate "2024.02.12"]
[EventType "tourn"]
[EventCountry "SRB"]
[SourceTitle "playchess.com"]
[Source "ChessBase"]
[SourceQuality "1"]
[TimeControl "5400+30"]

1. d4 Nf6 2. c4 e6 3. Nc3 Bb4 4. Qc2 d6 5. Bd2 c5 6. dxc5 dxc5 7. e3 O-O 8. Be2 {[%emt 0:01:10] White has an edge.} Nc6 9. O-O-O Qe7 10. g4 Bxc3 11. Bxc3 Nb4 12. Bxb4 cxb4 13. f4 (13. g5 $15 Nd7 14. Kb1) 13... Qc5 14. Kb1 ({Better is} 14. g5 Qxe3+ 15. Qd2 Qxd2+ 16. Kxd2 Rd8+ 17. Ke3 Rxd1 18. Bxd1) 14... Qxe3 $17 15. Rd3 (15. g5 $17 Nd7 16. Qd2 (16. Bd3 Nc5 $19) 16... Qxd2 (16... Qe4+ $2 17. Ka1 $19) 17. Rxd2) 15... Qxf4 $19 16. Nh3 Qc7 17. Ng5 (17. Rf1 $142) 17... h6 18. Nh3 e5 19. Rg3 e4 20. Rf1 Qe5 21. g5 (21. Qc1 {was called for.}) 21... Bxh3 22. Rxf6 (22. Rxh3 {was necessary.} hxg5 (22... Qxg5 $2 23. Rg3 $19) 23. Rg3) 22... gxf6 {[%emt 0:05:42] Black is clearly winning.} 23. gxf6+ Kh7 24. Rxh3 Rg8 {[%emt 0:00:13] [#] Strongly threatening ...Rg1+.} 25. a3 Rg1+ 26. Ka2 bxa3 (26... Qxf6 27. Qxe4+ Qg6 28. Qe3 $17) 27. Rxa3 Rg6 ({Not} 27... Qxh2 28. Qxe4+ Kg8 29. Bd3 $17) 28. Re3 Re8 29. Bf3 Qa5+ ({Less strong is} 29... Qxf6 30. Bxe4 Kg7 31. Rf3 $11) 30. Ra3 Qe1 {[%emt 0:00:15] White did not feel at home in the position after the opening.   Weighted Error Value: White=0.47/Black=0.06 (flawless) .  Mistake:       	White=6     	---        Inaccurate:     	White=2     	Black=1      OK:         	White=7     	Black=13     Best:        	White=2     	Black=2} 0-1

[Event "RUDAR XXII-IM 2024"]
[Site "Pozarevac"]
[Date "2024.02.13"]
[Round "7.2"]
[White "Ninov, Nikolai"]
[Black "Mesic, Ismet"]
[Result "0-1"]
[ECO "B76"]
[WhiteElo "2413"]
[BlackElo "2232"]
[Annotator "RC"]
[PlyCount "106"]
[EventDate "2024.02.12"]
[EventType "tourn"]
[EventCountry "SRB"]
[SourceTitle "playchess.com"]
[Source "ChessBase"]
[SourceQuality "1"]
[TimeControl "5400+30"]

1. e4 c5 2. Nf3 d6 3. d4 cxd4 4. Nxd4 Nf6 5. Nc3 g6 6. Be3 Bg7 7. f3 Nc6 8. Qd2 O-O 9. O-O-O d5 10. exd5 Nxd5 11. Nxc6 bxc6 12. Bd4 e5 13. Bc5 Re8 14. Ne4 Qc7 15. Bc4 Be6 16. h4 h6 17. g4 f5 18. gxf5 gxf5 19. Bd6 Qd7 20. Rhg1 Kh7 21. Qg2 fxe4 22. Bxd5 cxd5 23. fxe4 Kh8 24. Qg3 Bg8 25. Rd2 Bf6 26. Qg6 Qg7 27. Qxg7+ Bxg7 28. Rdg2 Rad8 29. Bc5 Rd7 30. exd5 Bxd5 31. Rg3 Rc8 32. Bb4 Kh7 33. Bc3 Rc4 34. Rd1 Bc6 35. Rxd7 Bxd7 36. Re3 h5 37. Kd1 Rxh4 38. Bxe5 Bg4+ 39. Ke1 Rh1+ 40. Kf2 Bxe5 41. Rxe5 Rh2+ 42. Kg3 Rxc2 43. Re7+ Kg6 44. Rxa7 Rxb2 45. Ra5 Kf6 46. Ra8 Ke5 47. Ra5+ Kd4 48. Ra8 Kc5 49. Ra7 Kb6 50. Ra3 Rb5 51. Rd3 Ra5 52. a3 Kb5 53. Kh4 Ka4 0-1

[Event "RUDAR XXII-IM 2024"]
[Site "Pozarevac"]
[Date "2024.02.13"]
[Round "7.3"]
[White "Bryakin, Mikhail"]
[Black "Sri Sai Baswanth P"]
[Result "1-0"]
[ECO "D02"]
[WhiteElo "2494"]
[BlackElo "2096"]
[Annotator "TA"]
[PlyCount "151"]
[EventDate "2024.02.12"]
[EventType "tourn"]
[EventCountry "SRB"]
[SourceTitle "playchess.com"]
[Source "ChessBase"]
[SourceQuality "1"]
[TimeControl "5400+30"]

1. d4 Nf6 2. Bf4 d5 3. e3 e6 4. Nf3 c5 5. c3 Nc6 6. Nbd2 Nh5 7. Be5 f6 8. Bg3 g6 9. Be2 cxd4 10. cxd4 Bg7 11. Bh4 Bf8 12. Ne5 Ng7 13. Bb5 Bd7 14. Nxd7 Qxd7 15. Bxf6 Bd6 16. Bxg7 Qxg7 17. Rc1 Rc8 18. Qf3 Ke7 19. Bxc6 bxc6 20. Qe2 Rc7 21. O-O Rb8 22. Rc2 c5 23. dxc5 (23. Rfc1 $18) 23... Rxc5 $16 24. Rxc5 Bxc5 25. Nb3 Bb6 26. Rc1 Qe5 27. Rc2 h5 28. Qd3 Kf7 29. Nd2 Qf5 30. Nf3 Qxd3 31. Ne5+ Ke7 32. Nxd3 Kd6 33. h4 e5 34. Kf1 Bd8 35. g3 g5 36. hxg5 Bxg5 37. Ke2 ({White should try} 37. f4 $16 Bf6 38. fxe5+ Bxe5 39. Rg2) 37... e4 $1 $11 38. Nc5 h4 39. gxh4 Bxh4 40. Na4 Rf8 41. Kf1 d4 42. exd4 e3 43. Nc3 exf2 44. Ne2 Rf3 45. Rc3 Rxc3 46. Nxc3 a6 47. Ke2 Kc6 48. Nd1 (48. b4 {keeps more tension.} Bf6 49. d5+ Kd6 50. Ne4+) 48... Bf6 (48... Kd5 {is interesting.} 49. Ne3+ Ke4 50. d5 Bg3) 49. Nxf2 Bxd4 50. Nd1 Kd5 51. Kd3 a5 52. Nc3+ Kc5 53. Kc2 Bh8 54. Kb3 Kb6 55. Kc4 Bg7 56. Kd5 Bh8 57. a4 Bg7 58. Nd1 Bh6 59. Nf2 Bg7 60. Nd3 Bf6 61. b3 Be7 62. Ne5 Bb4 63. Nf3 Bc3 64. Ng5 Be1 65. Ne4 Bb4 66. Nd6 Be1 $2 (66... Kc7 $11 67. Ne4 Kb6) 67. Nc4+ Ka6 68. Kc6 Bc3 69. Nd6 Be1 70. Nb5 Bg3 71. Nc7+ Ka7 72. Ne6 Ka6 73. Nc5+ Ka7 74. Kb5 Be1 75. Ne6 Bc3 76. Nd8 (76. Nc7 $142 Be1 77. Nd5 Bh4 78. Kxa5 Bg3 79. Ne7 Bh4 80. Nc6+ Kb7 81. Kb5) 1-0